 Dungeon Crawl Stone Soup version 0.28.0-53-g5a82cb258f (webtiles) character file.

Game seed: 17513850404662857184

5 mcbry74 the Vexing (level 1, -1/17 HPs)
             Began as a Gnoll Arcane Marksman on June 30, 2022.
             Slain by a quokka (4 damage)
             ... on level 1 of the Dungeon.
             The game lasted 00:01:16 (234 turns).

mcbry74 the Vexing (Gnoll Arcane Marksman)           Turns: 234, Time: 00:01:17

Health: -1/17      AC:  2    Str:  9    XL:     1   Next: 80%
Magic:  4/4        EV: 13    Int: 12    God:
Gold:   0          SH:  0    Dex: 12    Spells: 4/5 levels left

rFire   . . .      SeeInvis .   g - +0 hand axe
rCold   . . .      Faith    .   (no shield)
rNeg    . . .      Spirit   .   d - +0 robe
rPois   .          Reflect  .   (no helmet)
rElec   .          Harm     .   (no cloak)
rCorr   .          Rampage  .   (no gloves)
Will    .....                   (no boots)
Stlth   +.........              (no amulet)
HPRegen 0.05/turn               (no ring)
MPRegen 0.09/turn               (no ring)

@: no status effects
A: fangs 1, strong nose, distributed training
a: no special abilities


You were on level 1 of the Dungeon.
You visited 1 branch of the dungeon, and saw 1 of its levels.

Inventory:

Hand Weapons
 a - a +0 shortbow
 g - a +0 hand axe (weapon)
Missiles
 c - 20 arrows
 f - 4 atropa-tipped darts (quivered)
Armour
 d - a +0 robe (worn)
Scrolls
 b - a scroll of noise {unknown}
 e - a scroll of blinking {unknown}
Potions
 h - a potion of curing {unknown}


   Skills:
 + Level 2.4 Fighting
 + Level 0.1 Short Blades
 + Level 0.1 Long Blades
 + Level 0.1 Axes
 + Level 0.1 Maces & Flails
 + Level 0.1 Polearms
 + Level 0.1 Staves
 + Level 0.1 Slings
 + Level 4.4 Bows
 + Level 0.1 Crossbows
 + Level 0.1 Throwing
 + Level 0.1 Armour
 + Level 4.4 Dodging
 + Level 0.1 Stealth
 + Level 0.1 Shields
 + Level 0.1 Unarmed Combat
 + Level 2.6 Spellcasting
 + Level 0.1 Conjurations
 + Level 5.3 Hexes
 + Level 0.1 Summonings
 + Level 0.1 Necromancy
 + Level 0.1 Translocations
 + Level 0.1 Transmutations
 + Level 0.1 Fire Magic
 + Level 0.1 Ice Magic
 + Level 0.1 Air Magic
 + Level 0.1 Earth Magic
 + Level 0.1 Poison Magic
 + Level 0.2 Invocations
 + Level 0.1 Evocations


You had 4 spell levels left.
You knew the following spells:

 Your Spells              Type           Power      Damage    Failure   Level
a - Slow                  Hex            56%        N/A       2%          1

Your spell library contained the following spells:

 Spells                   Type           Power      Damage    Failure   Level
 Inner Flame              Hex/Fire       8%         N/A       26%         3
 Portal Projectile        Hex/Tloc       16%        N/A       26%         3
 Cause Fear               Hex            7%         N/A       28%         4


Dungeon Overview and Level Annotations

Branches:
Dungeon (1/15)

Altars:


Innate Abilities, Weirdness & Mutations

You have very sharp teeth.
Your uncanny sense of smell can sniff out nearby items.
Your experience applies equally to all skills.


Message History

You barely miss the quokka.
The quokka is heavily wounded.
The quokka bites you. The quokka misses you.
You barely miss the quokka.
The quokka is heavily wounded.
The quokka closely misses you.
You miss the quokka.
The quokka is heavily wounded.
The quokka closely misses you.
The quokka bites you but does no damage.
You completely miss the quokka.
The quokka is heavily wounded.
The quokka barely misses you.
The quokka bites you but does no damage.
Things that are here:
a ball python corpse; a frilled lizard corpse You see here a hobgoblin corpse.
You miss the quokka.
The quokka is heavily wounded.
The quokka bites you.
The quokka bites you but does no damage.
You hit the quokka.
The quokka is severely wounded.
The quokka misses you. The quokka barely misses you.
You closely miss the quokka.
The quokka is severely wounded.
The quokka bites you but does no damage.
You closely miss the quokka.
The quokka is severely wounded.
The quokka bites you.
* * * LOW HITPOINT WARNING * * *
The quokka barely misses you.
You hit the quokka but do no damage.
The quokka is severely wounded.
The quokka closely misses you. x2
You hit the quokka but do no damage.
The quokka is severely wounded.
The quokka bites you.
You die...

#........# ####†###.#
#†###.##### #.........#
#####.###.# #.# #.# #r# #@#
##.#########. ..
#............
.#.###############.#.####..
...#.#.#.#.#.#.#.#...#
##....†..........####
#......#.†........#
##.......#.......##
#.....#....#......#∆


You could see a quokka.

Vanquished Creatures
  A ball python (D:1)
  A hobgoblin (D:1)
  A quokka (D:1)
  A bat (D:1)
  A frilled lizard (D:1)
5 creatures vanquished.

Notes
Turn   | Place    | Note
-------+----------+-------------------------------------------
     0 | D:1      | mcbry74 the Gnoll Arcane Marksman began the quest for the
                  | Orb.
     0 | D:1      | Reached XP level 1. HP: 17/17 MP: 4/4
   234 | D:1      | Slain by a quokka

Illustrated notes

Levels and vault maps discovered:
D:1:      co_arrival_square_in_a_square_in_a_square, layout_loops_ring,
          amcnicky_mini_rare_corridor_liquid

Action                   || total
-------------------------++-------
Melee: Hand axe          ||    29
       Bite              ||     1
Throw: Dart              ||     1
Armor: Robe              ||    14
Dodge: Dodged            ||    34
